 Dungeon Crawl Stone Soup version 0.29.1-1-gd02db6906a (webtiles) character file.

Game seed: 12547022085215421716

456 Godmorgon the Magician (level 7, -1/47 HPs)
             Began as a Djinni Ice Elementalist on Sept 30, 2022.
             Killed from afar by a white imp (10 damage)
             ... with a puff of frost
             ... on level 5 of the Dungeon.
             The game lasted 00:20:41 (5382 turns).

Godmorgon the Magician (Djinni Ice Elementalist)    Turns: 5382, Time: 00:20:41

Health: -1/47      AC:  2    Str:  7    XL:     7   Next: 27%
Gold:   151        EV: 13    Int: 18    God:
                   SH:  0    Dex: 14

rFire   + + .      SeeInvis .   a - +0 dagger (protect)
rCold   x . .      Faith    .   (no shield)
rNeg    . . .      Spirit   .   y - +0 robe
rPois   ∞          Reflect  .   (no helmet)
rElec   .          Harm     .   (no cloak)
rCorr   .          Rampage  .   (no gloves)
Will    .....                   (boots unavailable)
Stlth   +++.......              (no amulet)
HPRegen 0.15/turn               (no ring)
MPRegen 0.00/turn               (no ring)

@: flying
A: sickness immunity, fire resistance 2, cold vulnerability 1, float, innate
caster, HP casting, extra vitality 1
a: no special abilities


You were on level 5 of the Dungeon.
You visited 1 branch of the dungeon, and saw 5 of its levels.

You collected 151 gold pieces.

Inventory:

Hand Weapons
 a - a +0 dagger of protection (weapon)
Missiles
 o - 33 stones
 t - 5 poisoned darts (quivered)
 v - 5 atropa-tipped darts
Armour
 b - a +0 ring mail
 x - the +10 plate armour of the Thistle {rF+ rN+}
   (You found it on level 5 of the Dungeon)

   rF:        It protects you from fire.
   rN:        It protects you from negative energy.
 y - a +0 robe (worn)
Wands
 w - a wand of mindburst (14)
Scrolls
 c - 2 scrolls of immolation
 d - a scroll of vulnerability {unknown}
 f - a scroll of blinking
 h - 2 scrolls of brand weapon
 l - 2 scrolls of teleportation
 p - 3 scrolls of magic mapping
 q - a scroll of enchant armour {unknown}
 s - a scroll of amnesia {unknown}
Potions
 e - 2 potions of might
 g - a potion of ambrosia
 i - 2 potions of lignification
 j - a potion of heal wounds {unknown}
 k - a potion of curing {unknown}
 m - a potion of mutation {unknown}
 n - a potion of experience {unknown}
 r - a potion of cancellation {unknown}
 u - a potion of degeneration {unknown}


   Skills:
 + Level 1.5 Fighting
 + Level 4.4 Dodging
 * Level 4.0 Stealth
 * Level 4.5 Spellcasting


You couldn't memorise any spells.
You knew the following spells:

 Your Spells              Type           Power      Damage    Failure   Level
a - Frozen Ramparts       Ice            40%        1d7       7%          3
b - Blink                 Tloc           40%        N/A       3%          2
c - Ozocubu's Armour      Ice            20%        N/A       7%          3
d - Hailstorm             Conj/Ice       20%        3d6       22%         4
e - Passwall              Tmut/Erth      16%        N/A       3%          2
f - Freeze                Ice            80%        1d9       2%          1
s - Summon Small Mammal   Summ           80%        N/A       2%          1
Your spell library was empty.

Dungeon Overview and Level Annotations

Branches:
Dungeon (5/15)
 Temple: D:4-7

Altars:
Cheibriados
Fedhas
Qazlal
Xom
Yredelemnul
Zin

Shops:
D:4 **


Innate Abilities, Weirdness & Mutations

You are immune to sickness and miasma.
You are immune to poison.
Your flesh is very heat resistant. (rF++)
You are vulnerable to cold. (rC-)
You float through the air rather than walking.
You learn spells naturally, not from books.
Your magical power is your life essence.
You have superior vitality. (+4 MHP)


Message History

The white imp closely misses you.
Casting: Freeze (safe; 2% risk of failure)
Confirm with . or Enter, or press ? or * to list all spells.
Aiming: Freeze (safe; 2% risk of failure)
Press: ? - help, Shift-Dir - straight line, f/p - white imp
Aim: a white imp (lightly wounded)
You freeze the white imp.
The white imp resists.
The white imp is moderately wounded.
The white imp closely misses you.
Casting: Freeze (safe; 2% risk of failure)
Confirm with . or Enter, or press ? or * to list all spells.
Aiming: Freeze (safe; 2% risk of failure)
Press: ? - help, Shift-Dir - straight line, f/p - white imp
Aim: a white imp (moderately wounded)
You freeze the white imp.
The white imp resists.
The white imp is moderately wounded.
The white imp gestures at you. The puff of frost hits you!
You feel a terrible chill!
* * * LOW HITPOINT WARNING * * *
Casting: Freeze (safe; 2% risk of failure)
Confirm with . or Enter, or press ? or * to list all spells.
Aiming: Freeze (safe; 2% risk of failure)
Press: ? - help, Shift-Dir - straight line, f/p - white imp
Aim: a white imp (moderately wounded)
You freeze the white imp.
The white imp resists.
The white imp is heavily wounded.
* * * LOW HITPOINT WARNING * * *
The white imp closely misses you.
Okay, then.
Casting: Freeze (safe; 2% risk of failure)
Confirm with . or Enter, or press ? or * to list all spells.
Aiming: Freeze (safe; 2% risk of failure)
Press: ? - help, Shift-Dir - straight line, f/p - white imp
Aim: a white imp (heavily wounded)
You freeze the white imp.
The white imp resists.
The white imp is heavily wounded.
* * * LOW HITPOINT WARNING * * *
The white imp gestures at you. The puff of frost hits you!
You feel a terrible chill!
You die...

# #..# #. # #####...
...#...###.#.# ........
...#....#..#.# #####...
..#.........# #
#......>...##
#............ #########
#.....5.."...
.<.......###(#.>@.....#
########....)†......###
#####.###..[##
#...........
#.########## #.# #.#
####### #.## ...[..##
#..#


You could see a white imp.

Vanquished Creatures
  An ogre (D:5)
  A necrophage (D:5)
  A howler monkey (D:5)
  2 hounds
  2 iguanas
  3 gnolls
  6 adders
  2 worms (D:3)
  A dart slug (D:1)
  An orc (D:5)
  3 ball pythons
  6 bats
  9 endoplasms
  2 giant cockroaches
  6 goblins
  7 hobgoblins
  4 jackals (D:1)
  13 kobolds
  2 quokkas (D:1)
  A frilled lizard (D:1)
  2 rats (D:1)
75 creatures vanquished.

Vanquished Creatures (collateral kills)
  A hobgoblin (D:2)
1 creature vanquished.

Grand Total: 76 creatures vanquished

Notes
Turn   | Place    | Note
-------+----------+-------------------------------------------
     0 | D:1      | Godmorgon the Djinni Ice Elementalist began the quest for
                  | the Orb.
     0 | D:1      | Godmorgon set off with the following spells memorised:
                  | Freeze, Frozen Ramparts, Ozocubu's Armour, Hailstorm.
     0 | D:1      | Reached XP level 1. HP: 15/15 MP: 0/0
   305 | D:1      | Reached XP level 2. HP: 19/21 MP: 0/0
   610 | D:1      | Reached XP level 3. HP: 21/25 MP: 0/0
   610 | D:1      | Learned a level 1 spell: Summon Small Mammal
  1707 | D:2      | Reached XP level 4. HP: 25/31 MP: 0/0
  3037 | D:3      | Found a blossoming altar of Fedhas.
  3041 | D:3      | Found a snail-covered altar of Cheibriados.
  3048 | D:3      | Reached XP level 5. HP: 21/35 MP: 0/0
  3048 | D:3      | Learned a level 2 spell: Blink
  3169 | D:3      | Found a basalt altar of Yredelemnul.
  3238 | D:4      | Noticed an angel
  3239 | D:4      | Found a shimmering altar of Xom.
  3240 | D:4      | Found a glowing silver altar of Zin.
  3417 | D:4      | Found Jock's General Store.
  3418 | D:4      | Found Tausu's Specific Store.
  4147 | D:4      | Found a stormy altar of Qazlal.
  4285 | D:5      | Entered Level 5 of the Dungeon
  4296 | D:5      | Reached XP level 6. HP: 31/41 MP: 0/0
  4379 | D:5      | Identified the +10 plate armour of the Thistle {rF+ rN+}
  4776 | D:5      | Reached skill level 1 in Fighting
  5342 | D:5      | Noticed an ogre
  5353 | D:5      | Killed an ogre
  5354 | D:5      | Reached XP level 7. HP: 43/47 MP: 0/0
  5354 | D:5      | Learned a level 2 spell: Passwall
  5382 | D:5      | Killed from afar by a white imp

Illustrated notes

Levels and vault maps discovered:
D:1:      dpeg_arrival_pits, layout_rooms, grunt_decor_cap
D:2:      layout_rooms, minmay_tripent
D:3:      layout_basic, grunt_temple_overflow_diamond
D:4:      layout_loops_corners, grunt_temple_overflow_order_and_chaos_1,
          mainiacjoe_overflow_paths, kennysheep_mini_moat,
          nicolae_specific_store
D:5:      layout_loops_ring, bh_walls_and_bars

Skill      XL: |  1  2  3  4  5  6  7 |
---------------+----------------------+-----
Stealth        | 2 3 4 |  4.0
Dodging        | 3 4 |  4.4
Spellcasting   | 4 |  4.5
Fighting       | 1 |  1.5

Action                   |  1- 3 |  4- 6 |  7- 9 || total
-------------------------+-------+-------+-------++-------
Melee: Unarmed           |     4 |       |       ||     4
       Dagger            |       |     1 |       ||     1
Throw: Stone             |     4 |       |       ||     4
       Dart              |       |     8 |       ||     8
 Cast: Freeze            |    61 |    95 |     9 ||   165
       Summon Small Mamm |       |     6 |       ||     6
  Use: Scroll            |       |     8 |       ||     8
 Stab: Sleeping          |       |     1 |       ||     1
Armor: Robe              |    12 |    10 |       ||    22
Dodge: Dodged            |    27 |    43 |     4 ||    74
